[Event "Nationale Pupillendag 2012 - Cat. F"]
[Site "Roosendaal"]
[Date "2012.06.16"]
[Round "1.3"]
[White "De Boer, Eelke"]
[Black "Terpstra, Thijmen"]
[Result "1-0"]
[ECO "C44"]
[WhiteElo "1205"]
[BlackElo "702"]
[PlyCount "75"]
[EventDate "2012.??.??"]
[TimeControl "1200+80"]
[WhiteClock "0:09:42"]
[BlackClock "0:11:18"]

1. e4 e5 2. Nf3 Nc6 3. c3 Be7 4. d4 d6 5. d5 Na5 6. b4 c6 7. bxa5 cxd5 8. Bb5+
Bd7 9. Bxd7+ Qxd7 10. exd5 Nf6 11. O-O Qb5 12. Qb3 Qxa5 13. Qxb7 O-O 14. Bg5
Rfe8 15. Qb2 Nxd5 16. Bxe7 Rxe7 17. c4 Nb4 18. Nc3 Nd3 19. Qd2 Nf4 20. Qxd6
Rae8 21. Nd5 Re6 22. Qb4 Qxb4 23. Nxb4 Ne2+ 24. Kh1 Rg6 25. Rae1 Nf4 26. g3 Nh5
27. Rxe5 Rxe5 28. Nxe5 Re6 29. f4 g5 30. Nbd3 gxf4 31. gxf4 Ng7 32. f5 Rf6 33.
c5 a5 34. c6 Ne8 35. Rg1+ Kf8 36. Nd7+ Ke7 37. Nxf6 Nxf6 38. Rc1 1-0

[Event "Nationale Pupillendag 2012 - Cat. F"]
[Site "Roosendaal"]
[Date "2012.06.16"]
[Round "1.8"]
[White "Meulendijks, Bram"]
[Black "Janse, Sebastiaan"]
[Result "0-1"]
[ECO "C47"]
[WhiteElo "616"]
[BlackElo "914"]
[PlyCount "102"]
[EventDate "2012.??.??"]
[TimeControl "1200+65"]
[WhiteClock "0:12:26"]
[BlackClock "0:15:36"]

1. e4 e5 2. Nf3 Nc6 3. Bc4 Nf6 4. Nc3 Nxe4 5. Nxe4 d5 6. Bd3 dxe4 7. Bxe4 Ne7
8. d3 f5 9. Bxb7 Bxb7 10. Nxe5 Qd5 11. Bf4 Qxg2 12. Rf1 Nc6 13. Qe2 Nxe5 14.
Qxe5+ Be7 15. O-O-O Qd5 16. Qxc7 Qc6 17. Qe5 Rc8 18. Rd2 Qc5 19. Re1 Qxe5 20.
Bxe5 O-O 21. Rg1 g6 22. h4 Kf7 23. h5 Bg5 24. f4 Be7 25. hxg6+ hxg6 26. Rh2 Bf6
27. Rh7+ Ke6 28. Rxb7 Bxe5 29. fxe5 Kxe5 30. Re1+ Kf6 31. Rbe7 Rc6 32. Kd2 Rfc8
33. Rh7 Rxc2+ 34. Ke3 Re8+ 35. Kd4 Rxe1 36. Kd5 Re5+ 37. Kd6 Rxb2 38. d4 Rb6+
39. Kd7 Rb7+ 40. Kc6 Rxh7 41. dxe5+ Kxe5 42. a4 g5 43. Kc5 g4 44. Kc4 Rd7 45.
Kc5 g3 46. Kc6 Rh7 47. Kc5 g2 48. a5 g1=Q+ 49. Kc6 Rh6+ 50. Kb7 Qg7+ 51. Kc8
Rh8# 0-1

[Event "Nationale Pupillendag 2012 - Cat. F"]
[Site "Roosendaal"]
[Date "2012.06.16"]
[Round "1.14"]
[White "Kikken, Calvin"]
[Black "Bourgonjen, Thijmen"]
[Result "0-1"]
[ECO "C46"]
[WhiteElo "450"]
[BlackElo "816"]
[PlyCount "32"]
[EventDate "2012.??.??"]
[TimeControl "1200+45"]
[WhiteClock "0:18:20"]
[BlackClock "0:16:34"]

1. e4 e5 2. Nf3 Nc6 3. Nc3 Be7 4. Bc4 Nf6 5. b3 O-O 6. O-O d6 7. d3 Bg4 8. Bg5
Nd4 9. h3 Nxf3+ 10. gxf3 Bxh3 11. Re1 h6 12. Bxf6 Bxf6 13. Nd5 Bh4 14. f4 exf4
15. Nxf4 Qg5+ 16. Ng2 Qxg2# 0-1

[Event "Nationale Pupillendag 2012 - Cat. F"]
[Site "Roosendaal"]
[Date "2012.06.16"]
[Round "2.1"]
[White "Bourgonjen, Thijmen"]
[Black "Hoeneveld, Maarten"]
[Result "0-1"]
[ECO "B90"]
[WhiteElo "816"]
[BlackElo "1355"]
[PlyCount "152"]
[EventDate "2012.??.??"]
[TimeControl "1200+160"]
[WhiteClock "0:04:14"]
[BlackClock "0:00:06"]

1. e4 c5 2. Nf3 d6 3. d4 cxd4 4. Nxd4 Nf6 5. Nc3 a6 6. Nb3 e6 7. Bc4 b5 8. Be2
Bb7 9. Qd3 Nbd7 10. O-O Be7 11. Be3 b4 12. Na4 Bxe4 13. Qd2 Rc8 14. c3 bxc3 15.
bxc3 O-O 16. Bxa6 Rc7 17. Nb6 Rc6 18. Nxd7 Qxd7 19. Bb5 Rfc8 20. Bxc6 Qxc6 21.
f3 Bg6 22. Bd4 e5 23. Be3 Nd5 24. Na5 Qxc3 25. Qxc3 Rxc3 26. Bd2 Rc2 27. Rfd1
e4 28. Rac1 e3 29. Rxc2 Bxc2 30. Bxe3 Bxd1 31. Bd2 f6 32. a3 Nc7 33. Nc6 Kf7
34. Nd4 d5 35. Bb4 Bxb4 36. axb4 Ba4 37. Kf2 Nb5 38. Nxb5 Bxb5 39. g4 g6 40.
Ke3 Ke6 41. Kd4 Kd6 42. f4 f5 43. g5 Bc4 44. h3 Bb5 45. h4 Ke6 46. Kc5 Bc4 47.
Kd4 Kd6 48. Kc3 Bb5 49. Kd4 Ba4 50. Kc3 Kc6 51. Kd4 Kd6 52. Kd3 Bb5+ 53. Kc3
Ba4 54. Kd4 Bb5 55. Kc3 Kc6 56. Kd4 Kd6 57. Kc3 Bc4 58. Kd4 Ke6 59. Kc5 Bd3 60.
Kd4 Bb5 61. Kc5 Be2 62. b5 Bxb5 63. Kxb5 Kd6 64. Kb4 Kc6 65. Kc3 Kd6 66. Kd4
Ke6 67. Kc5 d4 68. Kxd4 Kd6 69. Ke3 Kd5 70. Kf3 Kd4 71. Kg3 Ke4 72. Kh3 Kxf4
73. h5 gxh5 74. Kh4 Ke3 75. Kg3 f4+ 76. Kg2 f3+ 0-1

[Event "Nationale Pupillendag 2012 - Cat. F"]
[Site "Roosendaal"]
[Date "2012.06.16"]
[Round "2.4"]
[White "Bruggink, Tycho"]
[Black "Vergos, Marios Timon"]
[Result "1-0"]
[ECO "C57"]
[WhiteElo "1060"]
[BlackElo "760"]
[PlyCount "81"]
[EventDate "2012.??.??"]
[TimeControl "1200+3605"]
[WhiteClock "0:12:50"]
[BlackClock "0:13:59"]

1. e4 e5 2. Nf3 Nc6 3. Bc4 Nf6 4. Ng5 d5 5. exd5 Nxd5 6. d3 f6 7. Qf3 Nd4 8.
Qxd5 Qxd5 9. Bxd5 fxg5 10. Bb3 Bf5 11. Bxg5 h6 12. Be3 O-O-O 13. O-O e4 14.
dxe4 Ne2+ 15. Kh1 Bxe4 16. f3 Bf5 17. Bc4 Nd4 18. Bxd4 Rxd4 19. Bb3 Bc5 20. Nc3
c6 21. Rad1 Rxd1 22. Rxd1 b5 23. Ne2 Re8 24. Ng3 Bd7 25. Ne4 Be3 26. Nd6+ Kd8
27. Nxe8 Kxe8 28. Bf7+ Ke7 29. Bh5 Bf5 30. Re1 Kf6 31. Rxe3 g6 32. Bxg6 Bxg6
33. c3 a5 34. Kg1 Kf5 35. Kf2 Kf4 36. Re6 Bb1 37. Rxc6 h5 38. a3 Bd3 39. Rc5 h4
40. g3+ hxg3+ 41. hxg3# 1-0

[Event "Nationale Pupillendag 2012 - Cat. F"]
[Site "Roosendaal"]
[Date "2012.06.16"]
[Round "2.9"]
[White "Niemann, Hans"]
[Black "Heijnen, Silvan"]
[Result "0-1"]
[ECO "C50"]
[WhiteElo "728"]
[BlackElo "889"]
[PlyCount "80"]
[EventDate "2012.??.??"]
[TimeControl "1200+35"]
[WhiteClock "0:15:39"]
[BlackClock "0:15:39"]

1. e4 e5 2. Nf3 Nc6 3. Bc4 Bc5 4. Nxe5 Bxf2+ 5. Kxf2 Nxe5 6. Bb3 d6 7. d4 Ng4+
8. Ke1 Qf6 9. Rf1 Qh4+ 10. g3 Qxh2 11. Bxf7+ Ke7 12. Bg5+ N8f6 13. Bxf6+ Nxf6
14. Bd5 Qxg3+ 15. Ke2 Bg4+ 16. Kd2 Bxd1 17. Kxd1 Nxd5 18. exd5 Qg4+ 19. Kc1
Qxd4 20. Re1+ Kd7 21. Nc3 Qf4+ 22. Kd1 Qf3+ 23. Kd2 Rhe8 24. Rxe8 Rxe8 25. Re1
Qf2+ 26. Ne2 h5 27. c4 h4 28. b4 h3 29. a4 h2 30. c5 Rxe2+ 31. Rxe2 Qxe2+ 32.
Kxe2 h1=Q 33. b5 Qg2+ 34. Kd3 Qxd5+ 35. Kc3 Qxc5+ 36. Kb3 Qe3+ 37. Kb4 c5+ 38.
Ka5 b6+ 39. Ka6 Qa3 40. Kxa7 Qxa4+ 0-1

[Event "Nationale Pupillendag 2012 - Cat. F"]
[Site "Roosendaal"]
[Date "2012.06.16"]
[Round "2.12"]
[White "Maes, Djad"]
[Black "Winters, Sean"]
[Result "1-0"]
[ECO "C00"]
[WhiteElo "845"]
[BlackElo "387"]
[PlyCount "27"]
[EventDate "2012.??.??"]
[TimeControl "1200+40"]
[WhiteClock "0:18:24"]
[BlackClock "0:18:24"]

1. e4 e6 2. d4 Nc6 3. Nf3 Nf6 4. e5 Nd5 5. c4 Nde7 6. Nc3 Ng6 7. Bg5 Be7 8.
Bxe7 Qxe7 9. Bd3 O-O 10. h4 Nf4 11. O-O Nxd3 12. Qxd3 Qb4 13. Ng5 h6 14. Qh7#
1-0

[Event "Nationale Pupillendag 2012 - Cat. F"]
[Site "Roosendaal"]
[Date "2012.06.16"]
[Round "2.13"]
[White "Bakker, Mark"]
[Black "Terwee, Michiel"]
[Result "0-1"]
[ECO "C20"]
[WhiteElo "493"]
[BlackElo "820"]
[PlyCount "80"]
[EventDate "2012.??.??"]
[TimeControl "1200+40"]
[WhiteClock "0:16:24"]
[BlackClock "0:15:00"]

1. e4 e5 2. d4 Nc6 3. dxe5 Nxe5 4. Bf4 Nc6 5. Bb5 Nf6 6. e5 Ne4 7. Ne2 d6 8.
exd6 Nxd6 9. Bxd6 Qxd6 10. Qc1 Qb4+ 11. Nec3 Qe7+ 12. Ne2 Bg4 13. Bxc6+ bxc6
14. Qd2 Bxe2 15. Nc3 Bg4+ 16. Kf1 Rd8 17. Qf4 Be6 18. Qa4 Qd7 19. Rd1 Qe7 20.
Qxc6+ Bd7 21. Rxd7 Qxd7 22. Qe4+ Be7 23. Nd5 Qxd5 24. Qa4+ c6 25. c4 Qd1+ 26.
Qxd1 Rxd1+ 27. Ke2 Rxh1 28. h3 Bg5 29. Kf3 O-O 30. Kg3 Re8 31. f4 Bxf4+ 32.
Kxf4 Rf1+ 33. Kg3 Re3+ 34. Kh2 Rf2 35. b4 Ree2 36. a4 Rxg2+ 37. Kh1 Rh2+ 38.
Kg1 Reg2+ 39. Kf1 Ra2 40. Kg1 Rhb2 0-1

[Event "Nationale Pupillendag 2012 - Cat. F"]
[Site "Roosendaal"]
[Date "2012.06.16"]
[Round "2.16"]
[White "Varnica, Milan"]
[Black "Kikken, Calvin"]
[Result "1-0"]
[ECO "D00"]
[WhiteElo "724"]
[BlackElo "450"]
[PlyCount "121"]
[EventDate "2012.??.??"]
[TimeControl "1200+70"]
[WhiteClock "0:08:59"]
[BlackClock "0:16:10"]

1. d4 d5 2. Bf4 Nf6 3. e3 Bf5 4. Nf3 Nc6 5. c4 dxc4 6. Bxc4 Be6 7. d5 Nxd5 8.
e4 Bg4 9. exd5 Bxf3 10. Qxf3 e6 11. dxc6 bxc6 12. Qxc6+ Ke7 13. Bxc7 Qd7 14.
Qxa8 Qxc7 15. Qe4 f5 16. Qd3 Qe5+ 17. Qe2 Qxe2+ 18. Bxe2 Kd7 19. O-O g6 20.
Rd1+ Ke7 21. Nc3 Bg7 22. Rab1 Bxc3 23. bxc3 a5 24. Rb7+ Kf6 25. g3 h5 26. Kg2
e5 27. Rd6+ Kg5 28. h4+ Kh6 29. Kh3 f4 30. g4 hxg4+ 31. Kxg4 a4 32. h5 Rg8 33.
Bd3 a3 34. Rxg6+ Rxg6+ 35. hxg6 e4 36. Rh7+ Kxg6 37. Bxe4+ Kf6 38. Rh6+ Kg7 39.
Rg6+ Kf7 40. Kf5 f3 41. Bd5+ Ke7 42. Rf6 Kd7 43. Bxf3 Ke7 44. Ke5 Kd7 45. Re6
Kc7 46. Rd6 Kc8 47. Ke6 Kc7 48. Rc6+ Kd8 49. Kd6 Ke8 50. Rc7 Kd8 51. Kc6 Ke8
52. Rd7 Kf8 53. Kd6 Ke8 54. Ke6 Kf8 55. Re7 Kg8 56. Rf7 Kh8 57. c4 Kg8 58. c5
Kh8 59. c6 Kg8 60. c7 Kh8 61. c8=Q# 1-0

[Event "Nationale Pupillendag 2012 - Cat. F"]
[Site "Roosendaal"]
[Date "2012.06.16"]
[Round "3.1"]
[White "Hoeneveld, Maarten"]
[Black "Janse, Sebastiaan"]
[Result "1-0"]
[ECO "C44"]
[WhiteElo "1355"]
[BlackElo "914"]
[PlyCount "59"]
[EventDate "2012.??.??"]
[TimeControl "1200+210"]
[WhiteClock "0:09:43"]
[BlackClock "0:08:21"]

1. e4 e5 2. Nf3 Nc6 3. d4 exd4 4. Bc4 h6 5. c3 dxc3 6. Nxc3 Nf6 7. e5 Qe7 8.
Qe2 Ng4 9. Nd5 Qb4+ 10. Nxb4 Bxb4+ 11. Bd2 O-O 12. Bxb4 Nxb4 13. O-O d6 14.
exd6 cxd6 15. Qd2 Nc6 16. Qxd6 Bf5 17. Rad1 Rad8 18. Qf4 Bc8 19. Rxd8 Rxd8 20.
Qxf7+ Kh8 21. Re1 Bd7 22. Nh4 Nge5 23. Ng6+ Nxg6 24. Qxg6 Nb4 25. h3 Bc6 26.
Bb3 Rf8 27. Re7 Rg8 28. Rxg7 Rxg7 29. Qxh6+ Rh7 30. Qf8# 1-0

[Event "Nationale Pupillendag 2012 - Cat. F"]
[Site "Roosendaal"]
[Date "2012.06.16"]
[Round "3.5"]
[White "Kroetkov, Ivan"]
[Black "Bruil, Rembrandt"]
[Result "1-0"]
[ECO "B52"]
[WhiteElo "922"]
[BlackElo "752"]
[PlyCount "141"]
[EventDate "2012.??.??"]
[TimeControl "1200+90"]
[WhiteClock "0:09:12"]
[BlackClock "0:09:32"]

1. e4 c5 2. Nf3 d6 3. Bb5+ Bd7 4. Bxd7+ Nxd7 5. Nc3 Ngf6 6. d3 g6 7. Bg5 Bg7 8.
Qd2 O-O 9. Bh6 Ng4 10. Bxg7 Kxg7 11. Qg5 Ngf6 12. O-O-O a6 13. Qh4 b5 14. Ng5
b4 15. Nd5 h6 16. Nf3 Nxd5 17. exd5 Nf6 18. g4 g5 19. Qg3 Nxd5 20. h4 f6 21.
hxg5 fxg5 22. Qh3 Rh8 23. Qh5 Nf4 24. Qh2 Qg8 25. Rde1 e5 26. Nd2 Qxa2 27. Ne4
Rad8 28. Ng3 a5 29. Nf5+ Kf6 30. Nxh6 Rd7 31. Ng8+ Rxg8 32. Qh6+ Rg6 33. Qh8+
Rgg7 34. Rh6+ Ng6 35. Rxg6+ Kxg6 36. Qe8+ Rdf7 37. Qe6+ Kh7 38. Qxa2 Rxf2 39.
Qa4 Rf6 40. Rh1+ Kg6 41. Qe8+ Rff7 42. Qc6 Rf6 43. Qe4+ Kf7 44. Rh7 Rf1+ 45.
Kd2 Rf2+ 46. Ke3 Rxc2 47. Rxg7+ Kxg7 48. Qb7+ Kf8 49. Qb6 Ke8 50. Qxd6 Rxb2 51.
Qxe5+ Kd7 52. Qxb2 Ke6 53. Qc2 Kd5 54. Qb3+ Kd6 55. Qg8 Kc6 56. Qxg5 b3 57. Ke4
b2 58. Qg6+ Kb5 59. Qe8+ Kb4 60. Qb8+ Kc3 61. Qxb2+ Kxb2 62. g5 Kc3 63. g6 Kb4
64. g7 Kc3 65. g8=Q Kb4 66. Qc4+ Ka3 67. Qxc5+ Kb3 68. Kd4 Ka4 69. Qb6 Ka3 70.
Kc3 Ka2 71. Qb2# 1-0

[Event "Nationale Pupillendag 2012 - Cat. F"]
[Site "Roosendaal"]
[Date "2012.06.16"]
[Round "3.6"]
[White "Heijnen, Silvan"]
[Black "Hilwerda, Jonas"]
[Result "0-1"]
[ECO "C50"]
[WhiteElo "889"]
[BlackElo "1255"]
[PlyCount "110"]
[EventDate "2012.??.??"]
[TimeControl "1200+170"]
[WhiteClock "0:08:25"]
[BlackClock "0:02:02"]

1. e4 e5 2. Nf3 Nc6 3. Bc4 Nf6 4. Nc3 Bc5 5. O-O d6 6. h3 O-O 7. d3 h6 8. Be3
Bb4 9. Bd2 Na5 10. Bd5 c6 11. Bb3 Nxb3 12. cxb3 Re8 13. d4 exd4 14. Nxd4 Bxc3
15. bxc3 Nxe4 16. Bc1 Nxc3 17. Qd3 Nd5 18. Qg3 Qf6 19. Bb2 Qg6 20. Qf3 Be6 21.
Rfe1 Re7 22. Ba3 Rd8 23. Qg3 Qxg3 24. fxg3 c5 25. Nc2 Bf5 26. Rxe7 Nxe7 27. Ne3
Be6 28. Rc1 b6 29. Rc2 d5 30. g4 d4 31. Nf1 d3 32. Rd2 Nc6 33. Bb2 c4 34. Ne3
cxb3 35. axb3 Bxb3 36. Kf2 Na5 37. Bc3 Nc4 38. Rb2 Nxb2 39. Bxb2 d2 40. Ke2
d1=Q+ 41. Nxd1 Bxd1+ 42. Ke1 Bc2 43. Ke2 a5 44. Ba3 b5 45. Bb2 b4 46. Ba1 a4
47. Ke3 a3 48. Ke2 b3 49. Ke1 b2 50. Bxb2 axb2 51. Ke2 b1=Q 52. Ke3 Rd3+ 53.
Ke4 Qb4+ 54. Ke5 Qd4+ 55. Kf5 Rf3# 0-1

[Event "Nationale Pupillendag 2012 - Cat. F"]
[Site "Roosendaal"]
[Date "2012.06.16"]
[Round "3.10"]
[White "De Oude, Fenna"]
[Black "Koster, David"]
[Result "0-1"]
[ECO "B30"]
[WhiteElo "415"]
[BlackElo "771"]
[PlyCount "102"]
[EventDate "2012.??.??"]
[TimeControl "1200+85"]
[WhiteClock "0:09:33"]
[BlackClock "0:05:34"]

1. e4 c5 2. Nf3 Nc6 3. Bc4 Nf6 4. Ng5 e6 5. e5 Nxe5 6. Be2 h6 7. Nf3 Bd6 8.
Nxe5 Bxe5 9. Bh5 g6 10. Be2 b6 11. Bf3 Rb8 12. d4 cxd4 13. c3 dxc3 14. bxc3 Bb7
15. O-O Be4 16. Nd2 Bxf3 17. Qxf3 Qc8 18. Nb3 Bxc3 19. Rb1 Be5 20. Bf4 Bxf4 21.
Qxf4 Nd5 22. Qe5 Rg8 23. Rbc1 Qd8 24. Rc2 Rc8 25. Rfc1 Rxc2 26. Rxc2 Nb4 27.
Rc3 Nxa2 28. Rc4 f6 29. Qd6 b5 30. Rc5 e5 31. Rxb5 Kf7 32. Rb8 Qxb8 33. Qd5+
Kg7 34. Qxd7+ Kh8 35. h3 Qxb3 36. h4 Qb1+ 37. Kh2 Qf5 38. f3 Qxd7 39. g4 e4 40.
h5 Qd6+ 41. Kg2 gxh5 42. fxe4 Rxg4+ 43. Kf3 Qf4+ 44. Ke2 Rg2+ 45. Kd3 Qd2+ 46.
Kc4 Rg1 47. e5 Rc1+ 48. Kb5 Qb2+ 49. Ka6 Rc6+ 50. Kxa7 Qb6+ 51. Ka8 Rc8# 0-1

[Event "Nationale Pupillendag 2012 - Cat. F"]
[Site "Roosendaal"]
[Date "2012.06.16"]
[Round "3.11"]
[White "Winters, Sean"]
[Black "De Valck, Thomas"]
[Result "0-1"]
[ECO "A00"]
[WhiteElo "387"]
[BlackElo "734"]
[PlyCount "46"]
[EventDate "2012.??.??"]
[TimeControl "1200+30"]
[WhiteClock "0:16:56"]
[BlackClock "0:18:19"]

1. e3 e5 2. Nf3 Nc6 3. Nc3 Nf6 4. Bb5 Bb4 5. O-O O-O 6. Qe2 Bxc3 7. bxc3 d6 8.
Bxc6 bxc6 9. Ba3 Bg4 10. h3 Bxf3 11. Qxf3 Rb8 12. Rab1 Rxb1 13. Rxb1 Re8 14.
Rb7 e4 15. Qf5 Re5 16. Qf4 Nh5 17. Qg4 Qa8 18. Rxc7 Qb8 19. Qd1 Qxc7 20. d4 Ra5
21. Bb4 Rxa2 22. Qxh5 d5 23. Bc5 Ra1+ 0-1

[Event "Nationale Pupillendag 2012 - Cat. F"]
[Site "Roosendaal"]
[Date "2012.06.16"]
[Round "3.12"]
[White "Terpstra, Thijmen"]
[Black "Bourgonjen, Thijmen"]
[Result "1/2-1/2"]
[ECO "C44"]
[WhiteElo "702"]
[BlackElo "816"]
[PlyCount "115"]
[EventDate "2012.??.??"]
[TimeControl "1200+35"]
[WhiteClock "0:16:23"]
[BlackClock "0:17:02"]

1. e4 e5 2. Nf3 Nc6 3. c3 Be7 4. d4 exd4 5. cxd4 Nf6 6. Nc3 O-O 7. e5 Ng4 8.
Ne4 Nh6 9. Bc4 d6 10. exd6 cxd6 11. h3 d5 12. Bxh6 gxh6 13. Ne5 Nxe5 14. dxe5
dxc4 15. Qxd8 Rxd8 16. O-O Bf5 17. Nc3 Bd3 18. Rfd1 Bc2 19. Rxd8+ Rxd8 20. Re1
f6 21. Re3 fxe5 22. Rg3+ Kf8 23. Rf3+ Ke8 24. Re3 e4 25. Nxe4 Rd1+ 26. Kh2 Bd6+
27. Nxd6+ Kd7 28. Nxc4 Bd3 29. Ne5+ Kd6 30. Rxd3+ Rxd3 31. Nxd3 Kd5 32. Nb4+
Kc5 33. a3 a5 34. b3 axb4 35. axb4+ Kxb4 36. Kg1 Kxb3 37. Kf1 Kc3 38. Ke2 b5
39. Kd1 b4 40. Kc1 b3 41. Kb1 b2 42. f4 Kd4 43. Kxb2 Ke4 44. g3 Kf3 45. Kc3
Kxg3 46. Kd3 Kxf4 47. Ke2 Kg3 48. Kf1 Kxh3 49. Kg1 Kg3 50. Kh1 h5 51. Kg1 h4
52. Kh1 Kf2 53. Kh2 Kf3 54. Kh3 Kf4 55. Kxh4 Kf5 56. Kh5 Kf6 57. Kh6 Kf7 58.
Kxh7 1/2-1/2

[Event "Nationale Pupillendag 2012 - Cat. F"]
[Site "Roosendaal"]
[Date "2012.06.16"]
[Round "3.13"]
[White "Luiten, Timo"]
[Black "Meijer, Arjen"]
[Result "1-0"]
[ECO "C50"]
[WhiteElo "670"]
[BlackElo "796"]
[PlyCount "59"]
[EventDate "2012.??.??"]
[TimeControl "1200+50"]
[WhiteClock "0:13:45"]
[BlackClock "0:15:28"]

1. e4 e5 2. Nf3 Nc6 3. Nc3 Nf6 4. Bc4 Bc5 5. Ng5 d5 6. exd5 Nxd5 7. Bxd5 Be6 8.
Bxe6 fxe6 9. d3 Qf6 10. O-O O-O-O 11. Nce4 Qe7 12. Nxc5 Qxc5 13. Nxe6 Qe7 14.
Nxd8 Rxd8 15. Re1 Nd4 16. Be3 Nf5 17. c3 e4 18. Bxa7 exd3 19. Rxe7 Nxe7 20.
Qg4+ Rd7 21. Re1 h5 22. Qh3 Kd8 23. Qxh5 d2 24. Rd1 b6 25. Rf1 g6 26. Qf3 Nf5
27. Qe2 g5 28. Rd1 Kc8 29. Rxd2 Re7 30. Qa6# 1-0

[Event "Nationale Pupillendag 2012 - Cat. F"]
[Site "Roosendaal"]
[Date "2012.06.16"]
[Round "1.4"]
[White "Zijdemans, Eva"]
[Black "Bruggink, Tycho"]
[Result "0-1"]
[ECO "C00"]
[WhiteElo "700"]
[BlackElo "1060"]
[PlyCount "113"]
[EventDate "2012.??.??"]
[TimeControl "1200+900"]
[WhiteClock "0:08:02"]
[BlackClock "0:11:15"]

1. e4 e6 2. Nf3 d5 3. d3 dxe4 4. dxe4 Qxd1+ 5. Kxd1 Nc6 6. Nc3 Bd7 7. Be3 O-O-O
8. Bd3 Bb4 9. Nb5 a6 10. Na7+ Nxa7 11. Bxa7 Bb5 12. Bd4 Bxd3 13. cxd3 f6 14.
Ke2 e5 15. Bc3 Bxc3 16. bxc3 Ne7 17. Rab1 Ng6 18. g3 h5 19. h3 h4 20. Rb2 hxg3
21. fxg3 Rh7 22. Rhb1 Rxh3 23. Rxb7 Rxg3 24. Rb8+ Kd7 25. Rxd8+ Kxd8 26. Kf2
Rh3 27. Rb8+ Kd7 28. Rg8 Rh7 29. Kg3 Ke7 30. Rc8 Kd7 31. Rg8 Nf4 32. d4 Ng6 33.
Kg4 exd4 34. cxd4 Rh8 35. Rxg7+ Ne7 36. d5 Ke8 37. e5 fxe5 38. Nxe5 Nxd5 39.
Rd7 Nf6+ 40. Kf5 Nxd7 41. Ng6 Rf8+ 42. Nxf8 Nxf8 43. Ke5 Kd7 44. Kd4 Kd6 45.
Kc4 c5 46. a3 Ne6 47. a4 Nd4 48. Kc3 Kc6 49. a5 Kb5 50. Kd3 Kxa5 51. Kc3 Kb5
52. Kb2 Kb4 53. Kc1 Kc3 54. Kd1 c4 55. Kc1 a5 56. Kb1 a4 57. Ka2 0-1

[Event "Nationale Pupillendag 2012 - Cat. F"]
[Site "Roosendaal"]
[Date "2012.06.16"]
[Round "1.13"]
[White "Terwee, Michiel"]
[Black "Warnaar, Alisha"]
[Result "0-1"]
[ECO "D10"]
[WhiteElo "820"]
[BlackElo "452"]
[PlyCount "80"]
[EventDate "2012.??.??"]
[TimeControl "1200+55"]
[WhiteClock "0:14:15"]
[BlackClock "0:15:10"]

1. d4 d5 2. c4 c6 3. Nc3 Be6 4. e4 Nf6 5. e5 Nfd7 6. Nf3 Na6 7. cxd5 cxd5 8.
Bxa6 bxa6 9. O-O Bg4 10. Bg5 f6 11. exf6 exf6 12. Bf4 Rb8 13. Qe1+ Be7 14. Bxb8
Qxb8 15. b3 Bxf3 16. gxf3 O-O 17. Nxd5 Bd6 18. f4 Bxf4 19. Nxf4 Qxf4 20. f3
Qxd4+ 21. Rf2 Nc5 22. Rd1 Nd3 23. Qe6+ Kh8 24. Qc4 Qxf2+ 25. Kh1 Nb2 26. Qf1
Nxd1 27. Qxd1 Re8 28. Qg1 Re1 29. Qxe1 Qxe1+ 30. Kg2 g6 31. Kh3 h5 32. f4 g5
33. fxg5 fxg5 34. b4 h4 35. Kg2 Qe2+ 36. Kg1 g4 37. b5 g3 38. hxg3 hxg3 39. b6
Qf2+ 40. Kh1 Qh2# 0-1

[Event "Nationale Pupillendag 2012 - Cat. F"]
[Site "Roosendaal"]
[Date "2012.06.16"]
[Round "1.16"]
[White "De Oude, Fenna"]
[Black "Salomons, Quinten"]
[Result "1-0"]
[ECO "C54"]
[WhiteElo "415"]
[BlackElo "810"]
[PlyCount "93"]
[EventDate "2012.??.??"]
[TimeControl "1200+80"]
[WhiteClock "0:05:33"]
[BlackClock "0:08:04"]

1. e4 e5 2. Nf3 Nc6 3. Bc4 Bc5 4. c3 Nf6 5. d4 exd4 6. cxd4 Bb6 7. e5 Ng8 8.
Ng5 Nh6 9. Nxf7 Nxf7 10. Bxf7+ Kxf7 11. Qf3+ Ke7 12. Bg5+ Ke6 13. Bxd8 Nxd4 14.
Qh3+ Kxe5 15. O-O d6 16. Re1+ Kd5 17. Qc3 Rxd8 18. Qg3 Nc2 19. Qd3+ Nd4 20. Rc1
Bf5 21. Nc3+ Ke5 22. Qg3+ Kf6 23. Nd5+ Kf7 24. Qh4 Ne2+ 25. Kf1 Nxc1 26. Rxc1
Bd3+ 27. Kg1 Bc5 28. Re1 Re8 29. Re7+ Rxe7 30. Qxe7+ Kg6 31. Qe6+ Kg5 32. Qe7+
Kg6 33. Nf4+ Kf5 34. Nxd3 Bd4 35. Qf7+ Bf6 36. f4 c6 37. Nf2 Kxf4 38. g3+ Kg5
39. Qc4 Re8 40. Qg4+ Kh6 41. Ne4 Bd4+ 42. Kg2 Bf6 43. Qf4+ Kg6 44. h4 d5 45.
Nd6 Be5 46. Qf5+ Kh6 47. Qg5# 1-0

[Event "Nationale Pupillendag 2012 - Cat. F"]
[Site "Roosendaal"]
[Date "2012.06.16"]
[Round "2.2"]
[White "Hilwerda, Jonas"]
[Black "Tran, Tommy"]
[Result "1-0"]
[ECO "C47"]
[WhiteElo "1255"]
[BlackElo "813"]
[PlyCount "121"]
[EventDate "2012.??.??"]
[TimeControl "1200+140"]
[WhiteClock "0:01:24"]
[BlackClock "0:06:11"]

1. e4 e5 2. Nc3 Nf6 3. Nf3 Nc6 4. d4 exd4 5. Nd5 Bc5 6. Bg5 Be7 7. Nxd4 O-O 8.
Nxc6 dxc6 9. Nxf6+ Bxf6 10. Qxd8 Bxd8 11. Bf4 c5 12. O-O-O Be6 13. Kb1 c6 14.
Bd6 Re8 15. Bxc5 b6 16. Bb4 c5 17. Bc3 f6 18. Bb5 Re7 19. Rd2 Bc7 20. h3 Kf7
21. Rhd1 a6 22. Bc6 Rb8 23. f3 Bc8 24. Bd5+ Be6 25. Bxe6+ Kxe6 26. f4 Bxf4 27.
Rf2 Bg3 28. Rf3 Be5 29. Bxe5 Kxe5 30. Rff1 Rbe8 31. Rde1 Kd4 32. c3+ Kd3 33.
Rd1+ Kxe4 34. Rd6 Re6 35. Rxb6 Rxb6 36. Re1+ Kd5 37. Rxe8 Rb7 38. Rd8+ Ke6 39.
Rc8 Kd6 40. Ra8 Rb6 41. a4 Kc7 42. Ra7+ Rb7 43. Rxa6 Rb6 44. Rxb6 Kxb6 45. b4
cxb4 46. cxb4 f5 47. Kc2 g5 48. Kd3 Kc6 49. a5 h6 50. Ke3 Kb5 51. Kd4 Kxb4 52.
a6 Kb5 53. a7 f4 54. a8=Q h5 55. Qd5+ Kb6 56. Qc5+ Kb7 57. Kd5 g4 58. Qc6+ Ka7
59. Qb5 Ka8 60. Kc6 f3 61. Qb7# 1-0

[Event "Nationale Pupillendag 2012 - Cat. F"]
[Site "Roosendaal"]
[Date "2012.06.16"]
[Round "2.6"]
[White "De Haas, Tristan"]
[Black "Kunowski, Casper"]
[Result "1-0"]
[ECO "C50"]
[WhiteElo "937"]
[BlackElo "746"]
[PlyCount "133"]
[EventDate "2012.??.??"]
[TimeControl "1200+125"]
[WhiteClock "0:11:29"]
[BlackClock "0:05:13"]

1. e4 e5 2. Nf3 Nc6 3. Bc4 d6 4. Nc3 Be6 5. Bxe6 fxe6 6. d3 Nf6 7. Bg5 Be7 8.
O-O d5 9. Qe2 d4 10. Nb5 Qd7 11. h3 Nb4 12. Na3 O-O-O 13. Nxe5 Qe8 14. c3 dxc3
15. bxc3 Nc6 16. Rab1 Nxe5 17. d4 Nf7 18. Bf4 g5 19. Bg3 Nd6 20. e5 Nde4 21.
Qc2 Nxg3 22. fxg3 Bxa3 23. exf6 Qf8 24. Qb3 b6 25. Qxe6+ Rd7 26. c4 Qe8 27. Qf5
Bd6 28. c5 Bxg3 29. c6 Qe3+ 30. Kh1 Qxd4 31. cxd7+ Qxd7 32. Qxd7+ Kxd7 33. f7
Ke7 34. Rf3 Bd6 35. Rbf1 Kf8 36. Re3 Kg7 37. Re8 Rf8 38. Rxf8 Bxf8 39. Rc1 Bd6
40. a4 Kxf7 41. Ra1 a5 42. g4 c5 43. Kg2 c4 44. Rc1 Bf4 45. Rxc4 Ke7 46. Rc6
Be3 47. Kf3 Bg1 48. Ke4 Kd7 49. Rh6 Kc7 50. Rxh7+ Kc6 51. h4 gxh4 52. Rxh4 Kc5
53. Rh5+ Kb4 54. g5 Kxa4 55. g6 b5 56. g7 b4 57. g8=Q b3 58. Qxg1 Ka3 59. Rxa5+
Kb2 60. Rc5 Ka2 61. Ra5+ Kb2 62. Qa1+ Kc2 63. Rc5+ Kd2 64. Qd4+ Ke2 65. Qe3+
Kd1 66. Kd3 b2 67. Qe2# 1-0

[Event "Nationale Pupillendag 2012 - Cat. F"]
[Site "Roosendaal"]
[Date "2012.06.16"]
[Round "2.7"]
[White "De Valck, Thomas"]
[Black "Kroetkov, Ivan"]
[Result "0-1"]
[ECO "B30"]
[WhiteElo "734"]
[BlackElo "922"]
[PlyCount "68"]
[EventDate "2012.??.??"]
[TimeControl "1200+60"]
[WhiteClock "0:15:38"]
[BlackClock "0:16:14"]

1. e4 c5 2. Nf3 Nc6 3. Bc4 Nf6 4. Nc3 e6 5. d3 d5 6. exd5 exd5 7. Bb3 Qe7+ 8.
Ne2 Qd8 9. Bg5 Bg4 10. Bxf6 Qxf6 11. O-O Bxf3 12. Qd2 Bxe2 13. Qxe2+ Be7 14.
Bxd5 Qd6 15. Bxc6+ bxc6 16. Rae1 Rb8 17. Rd1 Rxb2 18. Rfe1 Rb7 19. c3 O-O 20.
d4 Qf6 21. dxc5 Bxc5 22. Rd2 Re7 23. Qc4 Rxe1+ 24. Qf1 Rxf1+ 25. Kxf1 Qxc3 26.
Rd1 Qb2 27. Kg1 Qxf2+ 28. Kh1 Re8 29. h3 Re1+ 30. Rxe1 Qxe1+ 31. Kh2 Bd6+ 32.
g3 Qf2+ 33. Kh1 Bxg3 34. h4 Qh2# 0-1